 Dungeon Crawl Stone Soup version 0.27-a0-1191-g601b473118 (webtiles) character file.

Game seed: 13080873484132800413

353 shoop the Sneak (level 6, -2/72 HPs)
             Began as a Demonspawn Delver on May 23, 2021.
             Slain by a +0 broad axe of flaming (4 damage)
             ... created by the rancor of the Wu Jian Council
             ... on level 4 of the Dungeon.
             The game lasted 00:09:21 (3946 turns).

shoop the Sneak (Demonspawn Delver)                 Turns: 3946, Time: 00:09:21

Health: -2/72      AC: 23    Str: 14    XL:     6   Next: 35%
Magic:  6/6        EV:  2    Int: 11    God:
Gold:   161        SH:  0    Dex: 15    Spells: 5/5 levels left

rFire    . . .     SeeInvis +   a - +0 falchion
rCold    . . .     Faith    .   (no shield)
rNeg     + + +     Spirit   .   (armour currently unavailable)
rPois    +         Reflect  .   (helmet currently unavailable)
rElec    .         Harm     .   (cloak currently unavailable)
rCorr    .         Rampage  .   (gloves currently unavailable)
Will     .....     NoTele   +   (boots currently unavailable)
Stlth    +++.......             (no amulet)
HPRegen  0.22/turn              q - ring of see invisible
MPRegen  0.10/turn              (no ring)

@: tree-form
A: stationary, stasis, torment immunity, boosted hp, (claws 1), (spiny 1),
(sanguine armour 2)
a: no special abilities


You were on level 4 of the Dungeon.
You were a tree.
You visited 1 branch of the dungeon, and saw 6 of its levels.

You collected 161 gold pieces.

Inventory:

Hand Weapons
 a - a +0 falchion (weapon)
Missiles
 f - 5 javelins
 s - 12 boomerangs (quivered)
Armour
 b - a +0 leather armour
 j - a +1 scale mail of poison resistance (melded)
 n - a +0 pair of boots (melded)
 v - a +0 pair of gloves (melded)
Jewellery
 q - a ring of see invisible (left branch)
 t - a +4 ring of evasion
Wands
 g - a wand of digging (3)
 u - a wand of charming (4)
Scrolls
 c - 2 scrolls of fog
 d - 3 scrolls of magic mapping
 e - a scroll of fear
 i - 2 scrolls of amnesia {unknown}
 m - 3 scrolls of identify {unknown}
 o - a scroll of enchant weapon {unknown}
 p - a scroll of summoning {unknown}
 w - a scroll of noise {unknown}
Potions
 l - a potion of brilliance {unknown}


   Skills:
 + Level 3.7 Fighting
 + Level 3.7 Long Blades
 + Level 2.4 Armour
 + Level 2.5 Dodging
 + Level 5.5 Stealth


You had 5 spell levels left.
You didn't know any spells.
Your spell library contained the following spells:

 Spells                   Type           Power      Damage    Failure   Level
 Animate Skeleton         Necr           0%         N/A       34%         1
 Apportation              Tloc           0%         N/A       34%         1
 Beastly Appendage        Tmut           0%         N/A       34%         1
 Corona                   Hex            0%         N/A       34%         1
 Summon Small Mammal      Summ           0%         N/A       34%         1
 Wereblood                Tmut           0%         N/A       47%         2
 Spider Form              Tmut/Pois      0%         N/A       71%         3
 Ice Form                 Ice/Tmut       0%         N/A       98%         4
 Hydra Form               Tmut           0%         N/A       100%        5
 Summon Forest            Summ/Tloc      0%         N/A       100%        5
 Summon Mana Viper        Hex/Summ       0%         N/A       100%        5
 Shadow Creatures         Summ           N/A        N/A       100%        6
 Summon Hydra             Summ           0%         N/A       100%        7


Dungeon Overview and Level Annotations

Branches:
Dungeon (6/15)
 Temple: D:4-7

Altars:
Wu Jian

Shops:
D:3 [

Annotations:
D:5 exclusion: zombie


Innate Abilities, Weirdness & Mutations

You are a tree.
Your roots penetrate the ground, keeping you stationary.
You cannot be teleported.
You are immune to unholy pain and torment.
Your maximum health is greatly increased.
Your equipment is partially melded.
((You have sharp fingernails.))
((You are partially covered in sharp spines.))
((When seriously injured, your bleeding wounds create thick armour. (AC +0)))


Message History

You hit the +4 vorpal broad axe.
The +4 vorpal broad axe is heavily damaged.
The +2 dire flail of flaming hits you!
Your blood congeals into armour.
The +2 dire flail of flaming burns you.
The +0 broad axe of flaming barely misses you.
The +4 vorpal broad axe is struck by your spines.
The +4 vorpal broad axe hits you.
You hit the +4 vorpal broad axe.
You destroy the +4 vorpal broad axe!
That felt strangely unrewarding.
The +2 dire flail of flaming is struck by your spines.
The +2 dire flail of flaming hits you but does no damage.
The +0 broad axe of flaming barely misses you.
Unknown command.
You hit the +0 great sword of electrocution.
The +0 great sword of electrocution is moderately damaged.
The +2 dire flail of flaming hits you. The +2 dire flail of flaming burns you.
The +0 great sword of electrocution hits you!
* * * LOW HITPOINT WARNING * * *
The +0 broad axe of flaming hits you.
* * * LOW HITPOINT WARNING * * *
The +0 broad axe of flaming burns you.
* * * LOW HITPOINT WARNING * * *
Unknown command.
You hit the +0 great sword of electrocution but do no damage.
The +0 great sword of electrocution is moderately damaged.
You carefully extract the barbed spikes from your body.
The +2 dire flail of flaming is struck by your spines.
The +2 dire flail of flaming closely misses you.
Unknown command.
It was a potion of lignification.
You turn into a tree.
Your +0 pair of gloves melds into your body.
Your +0 pair of boots melds into your body.
Your +1 scale mail of poison resistance melds into your body.
You no longer feel resistant to poison.
Your roots penetrate the ground.
Your blood armour dries and flakes away.
The +0 broad axe of flaming hits you!
* * * LOW HITPOINT WARNING * * *
The +0 broad axe of flaming burns you.
You die...

##...... #...(... ###
#....... #..# #.)..... #..#
#.)..... #..#####)[.....
##..#............
############..#.............
#.........)♣(...#...........
##.........((#####...........
.............. ####........
##........##### #........
#........# ..#......
#........# ..##....[
########## .###...# ..# #.# #


You could see 3 dancing weapons.

Vanquished Creatures
  13 dancing weapons
  A scorpion (D:6)
  A water moccasin skeleton (D:6)
  A jelly (D:4)
  An iguana (D:6)
  Natasha (twice) (D:3)
  4 adders (D:2)
  A white imp (D:6)
  An ufetubus (D:4)
  2 dart slugs
  14 orcs
  6 ball pythons
  7 endoplasms
  2 giant cockroaches
  6 goblins
  7 hobgoblins
  3 jackals (D:2)
  2 quokkas (D:1)
  7 bats
  2 frilled lizards
  5 kobolds
  6 rats
94 creatures vanquished.

Vanquished Creatures (others)
  3 plants (D:3)
3 creatures vanquished.

Grand Total: 97 creatures vanquished

Notes
Turn   | Place    | Note
-------+----------+-------------------------------------------
     0 | D:5      | shoop the Demonspawn Delver began the quest for the Orb.
     0 | D:5      | Reached XP level 1. HP: 18/18 MP: 1/1
   129 | D:4      | Noticed a jelly
   350 | D:3      | Found Jafrosah's Armour Shop.
   365 | D:2      | Gained mutation: When seriously injured, your bleeding
                  | wounds create armour. (AC +0) [demonic ancestry]
   365 | D:2      | Reached XP level 2. HP: 24/24 MP: 2/2
   377 | D:2      | Reached skill level 5 in Stealth
   573 | D:2      | Reached XP level 3. HP: 29/29 MP: 3/3
  1350 | D:1      | Gained mutation: You are partially covered in sharp spines.
                  | [demonic ancestry]
  1350 | D:1      | Reached XP level 4. HP: 35/35 MP: 4/4
  1479 | D:1      | Found a faded altar of an unknown god.
  1505 | D:1      | Became a worshipper of the Wu Jian Council
  1505 | D:1      | Reached * piety under Wu Jian
  1635 | D:1      | Fell from the grace of Wu Jian
  2170 | D:2      | Noticed a +2 vorpal great sword
  2170 | D:2      | Noticed a +4 quarterstaff of electrocution
  2170 | D:2      | Noticed a +3 glaive of flaming
  2170 | D:2      | Noticed a +3 great sword of freezing
  2172 | D:2      | Killed a +3 glaive of flaming
  2174 | D:2      | Killed a +4 quarterstaff of electrocution
  2175 | D:2      | Killed a +2 vorpal great sword
  2176 | D:2      | Killed a +3 great sword of freezing
  2625 | D:3      | Noticed a +2 great sword of freezing
  2625 | D:3      | Noticed a +1 broad axe of speed
  2625 | D:3      | Noticed a +2 broad axe of electrocution
  2625 | D:3      | Noticed a +3 broad axe of electrocution
  2625 | D:3      | Noticed a +3 dire flail of flaming
  2628 | D:3      | You fall into a shaft and drop 3 floors!
  2685 | D:6      | Reached skill level 1 in Armour
  2685 | D:6      | Gained mutation: When seriously injured, your bleeding
                  | wounds create thick armour. (AC +0) [demonic ancestry]
  2685 | D:6      | Reached XP level 5. HP: 32/41 MP: 5/5
  3368 | D:4      | Gained mutation: You have sharp fingernails. [demonic
                  | ancestry]
  3368 | D:4      | Reached XP level 6. HP: 42/48 MP: 6/6
  3425 | D:3      | Noticed Natasha
  3434 | D:3      | Killed Natasha
  3513 | D:3      | Noticed Natasha
  3520 | D:3      | Killed Natasha
  3644 | D:4      | Noticed a +0 vorpal quarterstaff
  3644 | D:4      | Noticed a +1 great sword of flaming
  3644 | D:4      | Noticed a +2 rapier of flaming
  3644 | D:4      | Noticed a +0 quarterstaff of freezing
  3646 | D:4      | Killed a +0 quarterstaff of freezing
  3649 | D:4      | Killed a +2 rapier of flaming
  3653 | D:4      | Killed a +1 great sword of flaming
  3655 | D:4      | Killed a +0 vorpal quarterstaff
  3719 | D:4      | Noticed a +1 vorpal rapier
  3719 | D:4      | Noticed a +2 glaive of flaming
  3719 | D:4      | Noticed a +3 vorpal broad axe
  3719 | D:4      | Killed a +1 vorpal rapier
  3728 | D:4      | Killed a +3 vorpal broad axe
  3730 | D:4      | Killed a +2 glaive of flaming
  3938 | D:4      | Noticed a +0 great sword of electrocution
  3938 | D:4      | Noticed a +2 rapier of speed
  3938 | D:4      | Noticed a +2 dire flail of flaming
  3938 | D:4      | Noticed a +4 vorpal broad axe
  3938 | D:4      | Noticed a +0 broad axe of flaming
  3940 | D:4      | Killed a +2 rapier of speed
  3943 | D:4      | Killed a +4 vorpal broad axe
  3946 | D:4      | HP: 2/72 [+0 broad axe of flaming[the rancor of the Wu Jian
                  | Council] (9)]
  3946 | D:4      | Slain by a +0 broad axe of flaming

Illustrated notes

Levels and vault maps discovered:
D:1:      nicolae_arrival_memento_mori, layout_basic,
          hellmonk_ecumenical_altar_crossroads, chequers_serial_rivers_large_a,
          minmay_misc_feat_hallway, minmay_pentomino_w2
D:2:      layout_loops_cross, kennysheep_generic_room_16
D:3:      layout_loops_ring, serial_shops, shop_statue,
          chequers_serial_rivers_large_b, serial_bayou_lagoon_b, uniq_natasha
D:4:      layout_rooms
D:5:      layout_cave_pods
D:6:      layout_loops_ring, minmay_temple_entry_mist, uniq_duvessa

Skill      XL: |  1  2  3  4  5 |
---------------+----------------+-----
Long Blades    | 2 3 |  3.7
Stealth        | 5 |  5.5
Dodging        | 2 |  2.5
Armour         | 1 2 |  2.4
Fighting       | |  3.7

Action                   |  1- 3 |  4- 6 || total
-------------------------+-------+-------++-------
Melee: Falchion          |   110 |   158 ||   268
Invok: Renounce Religion |       |     1 ||     1
  Use: Potion            |       |     5 ||     5
 Stab: Sleeping          |     3 |     5 ||     8
Armor: Scale mail        |    57 |    68 ||   125
       Leather armour    |     1 |       ||     1
Dodge: Dodged            |    56 |    75 ||   131
       Rpst.: Falchion   |    17 |    26 ||    43

Table legend: (Time is in decaauts)
 A = Elapsed time spent in this place.
 B = Non-inter-level travel time spent in this place.
 C = Inter-level travel time spent in this place.
 D = Time resting spent in this place.
 E = Time spent auto-exploring this place.
 F = Levels seen in this place.
 G = Mean time per level.
                   A        B        C        D        E       F      G
               +--------+--------+--------+--------+--------+-----+--------+
         Total |   3986 |   3940 |     46 |    758 |   2444 |   6 |  664.3 |
       Dungeon |   3986 |   3940 |     46 |    758 |   2444 |   6 |  664.3 |
               +--------+--------+--------+--------+--------+-----+--------+

Top non-repeatable levels by time:
     D:2: 1165 daAuts
     D:1: 1105 daAuts
     D:6: 708 daAuts
     D:4: 605 daAuts
     D:3: 327 daAuts
     D:5: 74 daAuts
